Map: Proxima Station LE

Players

HeltEn

  • Race: Terran Terran
  • Spawn Location: 1:00

Cham - Winner!

  • Race: Zerg Zerg
  • Spawn Location: 7:00

Event: WCS Jonkoping 2017

VOD

Have the link to the VOD?

Description

Time

  • Played on: June 17, 2017, 10:29 a.m.
  • Length: 11:45

All games in this series

Show
View Real Time Build Order
Export as new Build Order

HeltEn Terran 

Build Orders: Reaper Expand, MMM Bio 

Get SALT Encoding   

  12  0:00  SCV  
  13  0:13  SCV  
  14  0:17  Supply Depot  
  14  0:25  SCV  
  14  0:28  Refinery  
  15  0:39  SCV  
  16  0:45  Barracks  
  16  0:51  SCV  
  17  1:04  SCV  
  18  1:16  SCV  
  19  1:32  Orbital Command, Reaper  
  20  1:44  Command Center  
  20  1:54  Factory  
  20  1:58  SCV  
  21  2:04  Refinery  
  21  2:06  Barracks Reactor  
  21  2:11  SCV  
  22  2:17  Supply Depot  
  22  2:23  SCV  
  23  2:38  SCV  
  23  2:40  Starport  
  24  2:48  Hellion x2  
  29  2:52  SCV  
  30  2:59  Orbital Command  
  30  3:05  SCV  
  30  3:10  Widow Mine x2  
  34  3:17  SCV  
  34  3:19  Medivac  
  36  3:26  SCV  
  37  3:29  SCV  
  38  3:38  SCV  
  38  3:40  Hellion, Supply Depot  
  38  3:41  SCV  
  42  3:47  Hellion  
  44  3:50  SCV  
  44  3:51  Supply Depot  
  45  3:59  SCV  
  45  4:00  Barracks Tech Lab  
  45  4:02  SCV  
  47  4:11  SCV  
  47  4:16  SCV  
  49  4:23  SCV  
  48  4:44  Marine  
  48  4:45  Stimpack, SCV x2  
  49  4:57  SCV x2  
  49  4:58  Command Center  
  49  4:59  Engineering Bay x2, Barracks  
  51  5:01  Barracks  
  51  5:03  Marine, Factory Reactor  
  51  5:04  Starport Reactor  
  52  5:09  SCV x2  
  54  5:20  Marine  
  54  5:21  SCV x2, Barracks  
  55  5:22  Barracks  
  55  5:25  Refinery  
  55  5:27  Refinery  
  57  5:29  Terran Infantry Armor Level 1, Terran Infantry Weapons Level 1  
  57  5:33  SCV x2  
  59  5:38  Marine  
  60  5:53  Marine x2, Factory Tech Lab  
  62  5:59  Supply Depot  
  62  6:02  Supply Depot  
  62  6:03  Marine x2  
  64  6:07  Marauder  
  64  6:08  Medivac x2  
  64  6:09  Barracks Reactor, Barracks Tech Lab  
  64  6:10  SCV x2  
  64  6:11  Orbital Command  
  72  6:12  Marine x2  
  72  6:15  Siege Tank  
  77  6:20  Marine  
  77  6:22  Armory  
  77  6:24  Marine  
  79  6:28  Marauder, SCV x2  
  79  6:30  Marine x2  
  85  6:35  Marauder  
  85  6:36  Combat Shields  
  87  6:40  SCV x2  
  87  6:42  SCV, Supply Depot x2  
  87  6:45  Marine, Concussive Shells  
  87  6:46  Marine  
  92  6:52  SCV  
  93  6:55  SCV x2  
  93  6:58  Marine x2, Supply Depot  
  93  6:59  Supply Depot  
  97  7:01  Marine  
  97  7:02  Marine  
  99  7:11  Supply Depot  
  99  7:14  Marauder, Marine x3  
  99  7:15  Supply Depot  
  104  7:19  Medivac  
  104  7:22  SCV x2  
  108  7:26  Terran Infantry Weapons Level 2  
  108  7:28  Terran Infantry Armor Level 2  
  108  7:35  Marine x3  
  108  7:36  Marauder x2, Marine  
  108  7:37  Marine  
  116  7:43  Supply Depot  
  117  7:45  SCV x2, Supply Depot  
  119  7:51  Marine  
  119  7:53  Marine x2  
  119  7:55  Marine  
  119  7:56  Marine  
  119  7:57  Marauder x2  
  128  8:00  Medivac x2  
  132  8:08  Marine  
  132  8:09  Marine  
  132  8:10  Supply Depot  
  132  8:11  Terran Vehicle Weapons Level 1  
  134  8:18  Marauder  
  134  8:19  Marauder  
  136  8:26  Marine x4  
  142  8:27  Siege Tank  
  142  8:30  Medivac x2  
  142  8:32  Refinery  
  142  8:33  Refinery  
  146  8:40  Marauder x2  
  145  8:49  Marine x2  
  145  8:50  Marine x3  
  148  8:57  Supply Depot  
  148  8:58  Supply Depot  
  148  9:00  Supply Depot  
  148  9:01  Marauder x2  
  152  9:04  SCV x3  
  155  9:20  Marine x3  
  155  9:21  Siege Tank, Medivac  
  155  9:22  Medivac  
  155  9:23  Marauder x2  
  169  9:33  Unknown  
  169  9:34  Unknown  
  169  9:43  Marine x2  
  169  9:44  Marauder x2  
  165  9:45  Command Center  
  165  9:54  Medivac x2  
  165  9:55  Barracks  
  165  9:56  Barracks  
  165  9:58  Barracks  
  169  10:01  Unknown x2  
  169  10:11  Marine  
  169  10:12  Marauder  
  168  10:16  Marauder, Marine x3  
  168  10:19  Marine x2  
  169  10:22  Unknown  
  169  10:24  Medivac x2  
  173  10:31  Ghost Academy  
  173  10:33  Marauder  
  175  10:37  Marine  
  175  10:38  Marauder  
  175  10:39  Marine x2  
  173  10:43  Marine  
  173  10:44  Marine  
  175  10:54  Marine, Medivac x2  
  175  10:55  Marauder, Marine  
  179  10:59  Marauder  
  179  11:01  Marine x2  
  174  11:11  Marine x2  
  174  11:12  Marine  
  174  11:15  Barracks Tech Lab x2  
  174  11:16  Marauder, Barracks Tech Lab  
  179  11:21  Marauder  
  181  11:27  Marine x2  
  181  11:31  Unknown x2  
Show
View Real Time Build Order
Export as new Build Order

Cham Zerg - Winner!

Build Orders: Hatch First 

Get SALT Encoding   

  12  0:01  Drone  
  13  0:08  Drone  
  14  0:16  Overlord  
  15  0:35  Drone x2  
  15  0:36  Drone  
  17  0:52  Hatchery  
  17  0:56  Drone  
  17  0:59  Drone  
  17  1:01  Extractor  
  17  1:14  Spawning Pool  
  17  1:17  Drone  
  17  1:22  Drone  
  18  1:30  Overlord  
  18  1:42  Drone  
  19  2:01  Queen, Metabolic Boost  
  19  2:03  Queen, Zergling x2  
  19  2:07  Zergling x2  
  25  2:10  Zergling x2  
  25  2:14  Drone  
  27  2:16  Drone  
  28  2:24  Overlord  
  28  2:26  Drone  
  29  2:35  Drone  
  29  2:36  Drone  
  31  2:39  Queen  
  33  2:47  Overlord  
  33  2:49  Drone  
  34  2:56  Drone  
  34  2:58  Drone  
  36  3:06  Drone  
  36  3:12  Drone x3  
  40  3:16  Drone x2  
  40  3:18  Drone  
  40  3:19  Drone  
  44  3:23  Hatchery  
  44  3:25  Drone  
  44  3:31  Zergling x4  
  46  3:36  Queen  
  46  3:39  Overlord  
  48  3:45  Queen  
  48  3:47  Zergling x2  
  51  3:52  Zergling x2  
  51  3:54  Overlord  
  52  3:59  Drone x4  
  52  4:00  Zergling x2  
  57  4:08  Overlord  
  57  4:11  Zergling x4  
  57  4:13  Drone x2  
  61  4:22  Evolution Chamber  
  61  4:23  Spore Crawler  
  58  4:32  Drone x3  
  58  4:33  Drone x3  
  58  4:36  Overlord  
  58  4:38  Spore Crawler  
  63  4:40  Drone  
  63  4:43  Drone  
  63  4:44  Lair  
  65  4:48  Drone x3  
  65  4:50  Drone  
  69  4:52  Extractor  
  69  4:53  Drone  
  69  4:56  Overlord  
  69  5:00  Zerg Ground Armor Level 1  
  69  5:01  Drone  
  69  5:04  Drone x2  
  72  5:08  Drone  
  72  5:13  Extractor x2  
  64  5:16  Drone x2  
  64  5:17  Drone x2  
  64  5:19  Drone x2  
  70  5:25  Evolution Chamber, Drone  
  70  5:28  Drone  
  70  5:31  Drone  
  70  5:33  Drone x3  
  75  5:37  Roach Warren  
  75  5:39  Hatchery  
  75  5:41  Drone  
  75  5:42  Drone x2  
  76  5:44  Overlord  
  76  5:47  Extractor  
  76  5:48  Extractor, Drone  
  76  5:49  Drone  
  76  5:50  Drone  
  77  6:01  Zerg Missile Weapons Level 1  
  77  6:05  Drone x2  
  77  6:06  Drone x3  
  77  6:07  Infestation Pit  
  77  6:08  Drone x3  
  77  6:10  Overlord  
  84  6:14  Overlord  
  84  6:16  Glial Reconstitution  
  84  6:18  Overseer  
  84  6:22  Roach x3  
  90  6:26  Roach x2  
  90  6:30  Roach x2  
  98  6:34  Overlord  
  98  6:35  Roach  
  98  6:38  Roach x2  
  104  6:43  Hive  
  104  6:45  Drone x3  
  104  6:46  Drone  
  108  6:49  Drone x3  
  108  6:51  Drone  
  108  6:52  Drone  
  108  6:54  Overlord  
  113  6:58  Overlord  
  113  6:59  Roach  
  113  7:01  Roach  
  117  7:04  Zerg Ground Armor Level 2  
  117  7:06  Infestor  
  119  7:09  Infestor  
  119  7:11  Overseer  
  119  7:12  Ravager  
  119  7:13  Ravager  
  119  7:15  Drone x4  
  126  7:19  Extractor  
  126  7:22  Extractor  
  125  7:25  Spore Crawler  
  125  7:27  Spire  
  123  7:30  Spore Crawler  
  123  7:31  Drone x3  
  123  7:32  Spore Crawler  
  124  7:37  Spore Crawler  
  124  7:38  Roach x2  
  124  7:39  Roach x2  
  124  7:42  Ravager x2  
  124  7:44  Overlord  
  133  7:46  Drone x3  
  133  7:47  Spore Crawler  
  133  7:48  Spore Crawler, Drone x2  
  136  7:53  Roach  
  136  7:54  Roach x2  
  142  8:01  Roach x2  
  142  8:03  Roach x2  
  142  8:04  Spore Crawler, Drone  
  150  8:15  Zerg Missile Weapons Level 2  
  150  8:16  Spore Crawler  
  150  8:18  Burrow  
  149  8:20  Spore Crawler  
  149  8:21  Zergling x4  
  149  8:22  Overlord  
  149  8:26  Roach x3  
  149  8:27  Roach x2  
  160  8:28  Overlord  
  160  8:29  Overlord  
  159  8:52  Corruptor x6  
  159  8:53  Corruptor  
  159  8:54  Overlord  
  173  8:56  Greater Spire, Roach  
  173  8:57  Roach  
  173  8:59  Roach  
  173  9:02  Roach x2  
  183  9:06  Overlord  
  183  9:07  Overlord x2  
  183  9:11  Overlord  
  183  9:17  Ravager  
  183  9:18  Ravager x2  
  183  9:19  Roach x2  
  190  9:59  Hatchery  
  182  10:17  Brood Lord  
  182  10:18  Brood Lord x6  
  194  10:22  Infestor  
  194  10:23  Infestor  
  196  10:40  Ravager x2  
  196  10:42  Ravager x3  
  192  10:59  Spore Crawler, Ravager x2  
  192  11:00  Corruptor x2  
  192  11:01  Spore Crawler  
  190  11:12  Spore Crawler  
Tags
 
Add a new tag
Caveats
  • Supply blocks, unpowered buildings, or Contaminate may cause inaccurate times.
  • Supply counts are checked every 10 seconds.